 Dungeon Crawl Stone Soup version 0.29.1-13-g9f3cf754e1 (webtiles) character file.

Game seed: 1313322511295063571

252 retardedninja the Trooper (level 6, 29/56 HPs)
             Began as a Hill Orc Fighter on Jan 20, 2023.
             Was an Initiate of Gozag.
             Quit the game on level 4 of the Dungeon.
             The game lasted 00:05:38 (3813 turns).

retardedninja the Trooper (Hill Orc Fighter)        Turns: 3813, Time: 00:05:38

Health: 29/56      AC: 11    Str: 25    XL:     6   Next: 13%
Magic:  6/6        EV:  9    Int:  7    God:    Gozag
Gold:   160        SH:  4    Dex:  9    Spells: 5/5 levels left

rFire   . . .      SeeInvis .   n - +1 war axe (vorpal)
rCold   . . .      Faith    .   c - +0 buckler
rNeg    . . .      Spirit   .   b - +0 scale mail
rPois   .          Reflect  .   o - +0 helmet "Saeryxuq" {Stlth+}
rElec   .          Harm     .   p - +2 cloak
rCorr   .          Rampage  .   (no gloves)
Will    .....                   (no boots)
Stlth   +.........              (no amulet)
HPRegen 0.18/turn               (no ring)
MPRegen 0.10/turn               (no ring)

@: no status effects
A: hooves 1, strong 1, inability to read after injury 1
a: Renounce Religion, Potion Petition, Call Merchant, Bribe Branch


You were on level 4 of the Dungeon.
You worshipped Gozag.
Gozag was aware of your devotion.
You visited 1 branch of the dungeon, and saw 4 of its levels.

You collected 206 gold pieces.
You paid 46 gold pieces to Gozag.

Inventory:

Hand Weapons
 n - a +1 vorpal war axe (weapon)
Armour
 b - a +0 scale mail (worn)
 c - a +0 buckler (worn)
 o - the +0 helmet "Saeryxuq" (worn) {Stlth+}
   (You took it off Robin on level 2 of the Dungeon)

   Stlth:     It makes you more stealthy.
 p - a +2 cloak (worn)
Jewellery
 j - a ring of see invisible
Scrolls
 a - a scroll of blinking {unknown}
 f - a scroll of magic mapping {unknown}
 g - a scroll of poison {unknown}
 h - 4 scrolls of identify {unknown}
 k - a scroll of butterflies {unknown}
 m - a scroll of noise {unknown}
 q - a scroll of immolation {unknown}
 r - 2 scrolls of enchant armour
Potions
 d - a potion of ambrosia
 e - a potion of attraction {unknown}
 l - a potion of curing {unknown}
 s - a potion of brilliance {unknown}


   Skills:
 + Level 5.1 Fighting
 + Level 4.6 Axes
 + Level 4.6 Armour
 + Level 4.6 Shields


You had 5 spell levels left.
You didn't know any spells.
Your spell library contained the following spells:

 Spells                   Type           Power      Damage    Failure   Level
 Beastly Appendage        Tmut           0%         N/A       80%         1
 Wereblood                Tmut           0%         N/A       91%         2
 Spider Form              Tmut/Pois      0%         N/A       99%         3


Dungeon Overview and Level Annotations

Branches:
Dungeon (4/15)
 Temple: D:4-7

Altars:
Gozag
Nemelex Xobeh

Shops:
D:3 (


Innate Abilities, Weirdness & Mutations

You have large cloven feet.
Your muscles are strong. (Str +4, Int/Dex -1)
You occasionally lose the ability to read scrolls when taking damage.


Message History

You kill the iguana!
You hit the hound. The hound bites you but does no damage.
Your Fighting skill increases to level 5!
The hound attacks as you move away! The hound barely misses you.
You feel less invigorated.
You feel less confused. You block the hound's attack.
You see here 7 gold pieces.
You barely miss the hound.
The hound is heavily wounded.
The hound bites you. x2
You closely miss the hound.
The hound is heavily wounded.
The hound closely misses you. The hound bites you but does no damage.
You barely miss the hound.
The hound is heavily wounded.
The hound barely misses you. You block the hound's attack.
You slash the hound!
You kill the hound!
You have reached level 6!
The worm bites you but does no damage.
You see here 4 gold pieces.
You slash the worm!
The worm is severely wounded.
You slash the worm!
You kill the worm!
You now have 160 gold pieces (gained 6).
Really quaff the potion of mutation?
You feel extremely strange.
Your magical essence no longer links to wands of the dungeon.
You feel slightly disoriented.
You feel healthier.
You feel resistant to cold.
You feel frail.
Unknown command.
Really quaff the potion of mutation?
You feel extremely strange.
You no longer feel cold resistant.
You feel robust.
You occasionally lose the ability to read scrolls when taking damage.
Your feet thicken and deform.
You feel stronger.
Unknown command.
Are you sure you want to abandon this character and quit the game? (Confirm with "yes".)

### ########.########*
.................
########.>###### *, ##
#..# ,* * .#
#..#########+##.. .#
#.....$$.@....... .#
#....#............. .#
#....#.............* .#
#....#.............
.#####....###+###.......
....##....###+##*.......
....##.......... ######.
....###.........
................


There were no monsters in sight!

Vanquished Creatures
  Crazy Yiuf (D:2)
  A hound (D:4)
  An iguana (D:4)
  Robin (D:2)
  5 adders
  2 worms
  6 dart slugs
  6 orcs (D:3)
  4 endoplasms
  2 giant cockroaches (D:1)
  15 goblins
  11 hobgoblins
  8 jackals
  8 kobolds
  A quokka (D:1)
  7 ball pythons
  3 bats
  2 frilled lizards (D:2)
  3 rats
87 creatures vanquished.

Notes
Turn   | Place    | Note
-------+----------+-------------------------------------------
     0 | D:1      | retardedninja the Hill Orc Fighter began the quest for the
                  | Orb.
     0 | D:1      | Reached XP level 1. HP: 19/19 MP: 1/1
    10 | D:1      | Found a faded altar of an unknown god.
    95 | D:1      | Reached XP level 2. HP: 27/27 MP: 2/2
   456 | D:1      | Reached skill level 4 in Fighting
   527 | D:1      | Reached XP level 3. HP: 32/33 MP: 3/3
  1129 | D:2      | Found a runed translucent door.
  1130 | D:2      | Noticed Crazy Yiuf
  1367 | D:2      | Identified the +0 helmet "Saeryxuq" {Stlth+}
  1367 | D:2      | Noticed Robin
  1370 | D:2      | Reached XP level 4. HP: 40/40 MP: 4/4
  1382 | D:2      | Killed Robin
  2641 | D:2      | Killed Crazy Yiuf
  2642 | D:2      | Reached XP level 5. HP: 8/47 MP: 5/5
  3035 | D:3      | Found Udyeruf's Weapon Boutique.
  3388 | D:3      | Found an opulent altar of Gozag.
  3415 | D:3      | Became a worshipper of Gozag Ym Sagoz the Greedy
  3742 | D:4      | Found a sparkling altar of Nemelex Xobeh.
  3791 | D:4      | Gained mutation: You expend magic power (3 MP) to
                  | strengthen your wands. [potion of mutation]
  3791 | D:4      | Gained mutation: Your body sometimes deteriorates upon
                  | taking damage. [potion of mutation]
  3791 | D:4      | Gained mutation: You passively map a small area around you.
                  | [potion of mutation]
  3800 | D:4      | Reached skill level 5 in Fighting
  3805 | D:4      | Reached XP level 6. HP: 27/56 MP: 6/6
  3811 | D:4      | Lost mutation: You expend magic power (3 MP) to strengthen
                  | your wands. [potion of mutation]
  3811 | D:4      | Lost mutation: You passively map a small area around you.
                  | [potion of mutation]
  3811 | D:4      | Lost mutation: Your body sometimes deteriorates upon taking
                  | damage. [potion of mutation]
  3811 | D:4      | Gained mutation: Your flesh is cold resistant. (rC+)
                  | [potion of mutation]
  3811 | D:4      | Gained mutation: You are frail. (-10% HP) [potion of
                  | mutation]
  3812 | D:4      | Lost mutation: Your flesh is cold resistant. (rC+) [potion
                  | of mutation]
  3812 | D:4      | Lost mutation: You are frail. (-10% HP) [potion of
                  | mutation]
  3812 | D:4      | Gained mutation: You occasionally lose the ability to read
                  | scrolls when taking damage. [potion of mutation]
  3812 | D:4      | Gained mutation: You have large cloven feet. [potion of
                  | mutation]
  3812 | D:4      | Gained mutation: Your muscles are strong. (Str +4, Int/Dex
                  | -1) [potion of mutation]
  3813 | D:4      | Quit the game

Illustrated notes

Levels and vault maps discovered:
D:1:      wander_arrival_peaceful_grave, layout_basic, basic_ecumenical_altar,
          st_stairs_10, nrook_uturn
D:2:      layout_basic, kennysheep_boxes, uniq_crazy_yiuf_cottage, uniq_robin
D:3:      layout_loops_ring, amcnicky_altar_gilded, serial_shops, shop,
          saegor_snake_ambush
D:4:      layout_basic, mainiacjoe_overflow_24_doors,
          mainiacjoe_overflow_alcove_2, lemuel_doored_altar, st_stairs_8

Skill      XL: |  1  2  3  4  5 |
---------------+----------------+-----
Axes           | 3 4 |  4.6
Fighting       | 4 5 |  5.1
Armour         | 4 |  4.6
Shields        | 4 |  4.6

Action                   |  1- 3 |  4- 6 || total
-------------------------+-------+-------++-------
Melee: War axe           |    63 |   138 ||   201
  Use: Potion            |       |     5 ||     5
       Scroll            |       |     2 ||     2
Armor: Scale mail        |    21 |    84 ||   105
Dodge: Dodged            |    33 |    60 ||    93
Block: Buckler           |    11 |    28 ||    39
